 Dungeon Crawl Stone Soup version 0.18-a0-1343-g48c8f86 (webtiles) character file.

65 Gorice the Distorting Demonspawn (level 3, 0/29 HPs)
             Began as a Demonspawn Abyssal Knight on Feb 16, 2016.
             Was a Believer of Lugonu.
             Slain by an adder (1 damage)
             ... on level 2 of the Dungeon.
             The game lasted 00:06:19 (1742 turns).

Gorice the Distorting Demonspawn (DsAK)             Turns: 1742, Time: 00:06:19

Health: 0/29       AC: 10    Str: 13    XL:     3   Next: 92%
Magic:  5/5        EV:  3    Int: 13    God:    Lugonu [**....]
Gold:   75         SH:  0    Dex: 12    Spells: 0 memorised, 2 levels left

rFire  . . .     SeeInvis .       - Unarmed
rCold  + . .     Gourm    .     p - +0 plate armour
rNeg   . . .     Faith    .     (no shield)
rPois  .         Spirit   .     (no helmet)
rElec  .         Dismiss  .     (no cloak)
rCorr  .         Reflect  .     (no gloves)
SustAt .         Harm     .     (no boots)
MR     .....                    (no amulet)
Stlth  ..........               (no ring)
                                (no ring)

@: lethally poisoned (0 -> -4), very slightly contaminated, invisible, not
resistant to hostile enchantments, extremely unstealthy
A: claws 1, cold resistance 1
a: Depart the Abyss, Bend Space, Renounce Religion


You were on level 2 of the Dungeon.
You worshipped Lugonu.
Lugonu was pleased with you.
You were not hungry.

You visited 1 branch of the dungeon, and saw 2 of its levels.
You visited the Abyss 1 time.

You collected 75 gold pieces.

Inventory:

Hand Weapons
 a - a +1 falchion
Missiles
 e - 32 sling bullets
 g - 17 poisoned needles
 Z - 27 stones (quivered)
Armour
 b - a +0 leather armour
 o - a +0 chain mail
 p - a +0 plate armour (worn)
Scrolls
 d - 2 scrolls of immolation {unknown}
 j - 2 scrolls of magic mapping {unknown}
 k - 2 scrolls of recharging {unknown}
 n - a scroll of enchant weapon {unknown}
 q - a scroll of random uselessness {unknown}
 r - a scroll of amnesia {unknown}
Potions
 s - a potion of degeneration {unknown}
Comestibles
 c - 3 bread rations {!e}
 m - 2 meat rations {!e}


   Skills:
 - Level 3.0 Fighting
 - Level 2.3 Long Blades
 - Level 1.7 Armour
 - Level 0.8 Dodging
 * Level 2.2 Unarmed Combat
 + Level 3.4 Invocations


You had 2 spell levels left.
You didn't know any spells.

Dungeon Overview and Level Annotations

Branches:
Dungeon (2/15)

Altars:


Innate Abilities, Weirdness & Mutations

You have sharp fingernails.
Your flesh is cold resistant.


Message History

The silver javelin barely misses the adder.
Unknown command.
Unknown command.
Unknown command.
Unknown command.
Wield which item (- for none, * to show all)? (? for menu, Esc to quit)
You are now empty-clawed.
You feel sick.
You are no longer poisoned.
Damage: 1 (max 1)
You scratch the adder.
The adder is moderately wounded.
The adder barely misses you.
You closely miss the adder.
The adder is moderately wounded.
The adder bites you but does no damage. The adder barely misses you.
You miss the adder.
The adder is moderately wounded.
The adder bites you but does no damage.
You closely miss the adder.
The adder is moderately wounded.
The adder bites you.
* * * LOW HITPOINT WARNING * * *
Damage: 2 (max 2)
You scratch the adder.
The adder is heavily wounded.
The adder bites you but does no damage.
You miss the adder.
The adder is heavily wounded.
The adder bites you.
* * * LOW HITPOINT WARNING * * *
Damage: 4 (max 4)
You miss the adder.
The adder is heavily wounded.
The adder bites you.
* * * LOW HITPOINT WARNING * * *
You are lethally poisoned!
The adder poisons you! The adder bites you but does no damage.
Damage: 1 (max 4) Drink which item? (? for menu, Esc to quit)
It was a potion of invisibility.
You fade into invisibility!
* * * LOW HITPOINT WARNING * * *
You feel sick. The adder bites you but does no damage.
You are very lightly contaminated with residual magic.
Damage: 1 (max 4) Drink which item? (? for menu, Esc to quit)
It was a potion of beneficial mutation.
You feel resistant to cold.
You feel fantastic! The adder bites you.
You die...

. ..### .. #...#.# ...
....#.# .... ...#.#
..#..###..#.#### ...
................ ..
.##...#(....##### #
###.###.##...#.S...#...##.#
.......+........@.........#
##.#.....#...#.....#...#...
...........................
...........................
#.##..............†#####.##
...................#
.###.........#...%.# .#
#.........#...>.# ##
####'#......#.#.#


You could see an adder.

Vanquished Creatures
  2 adders (D:2)
  A worm (D:2)
  A giant gecko (D:2)
  A giant cockroach (D:1)
  4 goblins
  3 hobgoblins
  6 jackals
  7 kobolds (D:1)
  4 bats
  6 giant newts
  8 rats
43 creatures vanquished.

Notes
Turn   | Place    | Note
--------------------------------------------------------------
     0 | Abyss:1  | Gorice the Demonspawn Abyssal Knight began the quest for the Orb.
     0 | Abyss:1  | Reached XP level 1. HP: 18/18 MP: 2/2
    11 | D:1      | Escaped the Abyss
    71 | D:1      | Reached skill level 2 in Long Blades
   280 | D:1      | Gained mutation: You have sharp fingernails. [demonic ancestry]
   280 | D:1      | Reached XP level 2. HP: 17/24 MP: 3/3
   553 | D:1      | Reached ** piety under Lugonu
   556 | D:1      | Reached skill level 1 in Unarmed Combat
  1072 | D:2      | Reached XP level 3. HP: 29/29 MP: 5/5
  1119 | D:2      | Reached skill level 3 in Invocations
  1385 | D:2      | Reached skill level 2 in Unarmed Combat
  1733 | D:2      | HP: 8/29 [poisoned by an adder]
  1739 | D:2      | HP: 3/29 [adder (4)]
  1741 | D:2      | HP: 1/29 [poisoned by an adder]
  1742 | D:2      | Gained mutation: Your flesh is cold resistant. [potion of beneficial mutation]
  1742 | D:2      | Slain by an adder

Vault maps used:
D:1:      dpeg_arrival_rooms_a, minmay_misc_feat_hallway, st_stairs_5,
          supply_closet_lemuel
D:2:      serial_co_window_serial, co_window_paths_a, co_window_corner_a,
          co_window_paths_a, co_window_corner_a, co_window_corner_a,
          co_window_of_opportunity_a, co_window_corner_a, co_window_2corner,
          co_window_unsneaky_path_c, co_window_broadway_a, co_window_cross_4,
          co_window_broadway_c

Action                   || total
-------------------------++-------
Melee: Falchion          ||   163
       Unarmed           ||     7
Throw: Javelin           ||     9
  Use: Potion            ||     2
  Eat: Chunk             ||     3

Table legend:
 A = Turns spent in this place as a percentage of turns spent in the entire game.
 B = Non-inter-level travel turns spent in this place as a percentage of non-inter-level travel turns spent in the entire game.
 C = Inter-level travel turns spent in this place as a percentage of turns spent in this place.
 D = Turns resting spent in this place as a percentage of non-inter-level travel turns spent in this place.
 E = Turns spent auto-exploring this place as a percentage of non-inter-level travel turns spent in this place.
 F = Non-inter-level travel turns spent in this place divided by the number of levels of this place that you've seen.
                   A       B       C       D       E      F
               +-------+-------+-------+-------+-------+----------------------
         Total | 100.0 | 100.0 |   0.2 |   0.9 |   6.2 | 219.7
       Dungeon |  98.2 |  98.2 |   0.2 |   0.9 |   6.3 | 323.5
         Abyss |   1.8 |   1.8 |   0.0 |   0.0 |   0.0 |  12.0
               +-------+-------+-------+-------+-------+----------------------

Vault maps used:
D:1:      dpeg_arrival_rooms_a, minmay_misc_feat_hallway, st_stairs_5,
          supply_closet_lemuel
D:2:      serial_co_window_serial, co_window_paths_a, co_window_corner_a,
          co_window_paths_a, co_window_corner_a, co_window_corner_a,
          co_window_of_opportunity_a, co_window_corner_a, co_window_2corner,
          co_window_unsneaky_path_c, co_window_broadway_a, co_window_cross_4,
          co_window_broadway_c
